 Dungeon Crawl Stone Soup version 0.20.1-1-g8b1a95d (webtiles) character file.

3260 Gukra the Grappler (level 9, -3/84 HPs)
             Began as a Troll Monk on Sept 5, 2017.
             Was a Believer of the Shining One.
             Slain by a warg (8 damage)
             ... on level 7 of the Dungeon.
             The game lasted 00:22:49 (5448 turns).

Gukra the Grappler (Troll Monk)                     Turns: 5448, Time: 00:22:50

Health: -3/84      AC:  6    Str: 21    XL:     9   Next: 68%
Magic:  10/10      EV: 12    Int:  9    God:    the Shining One [**....]
Gold:   177        SH:  0    Dex: 12    Spells: 8/8 levels left

rFire    . . .     SeeInvis .     - Unarmed
rCold    . . .     Gourm    +   (no shield)
rNeg     + + .     Faith    .   a - +1 robe
rPois    .         Spirit   .   (helmet restricted)
rElec    .         Reflect  .   (no cloak)
rCorr    .         Harm     .   (gloves unavailable)
MR       .....                  (boots unavailable)
Stlth    +.........             (no amulet)
Regen    0.7/turn               w - ring of stealth
MPRegen  0.2/turn               B - ring of positive energy

@: hasted, glowing, very quick
A: unfitting armour, claws 3, fast metabolism 3, gourmand, regeneration 1,
shaggy fur 1, tough skin 2
a: Divine Shield, Renounce Religion


You were on level 7 of the Dungeon.
You worshipped the Shining One.
The Shining One was pleased with you.
You were very full.

You visited 2 branches of the dungeon, and saw 8 of its levels.

You collected 339 gold pieces.
You spent 162 gold pieces at shops.

Inventory:

Hand Weapons
 k - the +2 mace of Reicamod {protect, rC+ Dex+5}
   (You found it on level 5 of the Dungeon)

   It protects the one who uses it against injury (+AC on strike).
   It affects your dexterity (+5).
   It protects you from cold.
Missiles
 g - 16 poisoned needles
 j - 4 throwing nets
 m - 2 javelins (quivered)
 D - 7 steel tomahawks
Armour
 a - a +1 robe (worn)
Jewellery
 e - an uncursed ring of resist corrosion
 f - an uncursed ring of stealth
 w - a ring of stealth (left claw)
 B - a ring of positive energy (right claw)
Wands
 y - a wand of flame (25/48)
Scrolls
 c - 4 scrolls of teleportation
 d - 6 scrolls of remove curse
 n - a scroll of identify
 o - 2 scrolls of amnesia
 v - 2 scrolls of enchant armour
Potions
 i - a potion of cancellation
 l - a potion of curing
 s - a potion of heal wounds {unknown}
 u - a potion of resistance {unknown}
 x - 3 potions of might
 A - a potion of brilliance {unknown}
 C - a potion of lignification {unknown}
Comestibles
 b - 5 bread rations
 h - 5 royal jellies
 p - 2 meat rations
 t - 2 fruits


   Skills:
 + Level 4.1 Fighting
 + Level 1.3 Throwing
 * Level 4.6 Dodging
 - Level 1.1 Stealth
 + Level 11.5 Unarmed Combat
 * Level 3.1 Invocations
 + Level 0.8 Evocations


You had 8 spell levels left.
You didn't know any spells.

Dungeon Overview and Level Annotations

Branches:
Dungeon (7/15)             Temple (1/1) D:5

Altars:
Ashenzari
Cheibriados
Dithmenos
Elyvilon
Fedhas
Kikubaaqudgha
Makhleb
Okawaru
Qazlal
Trog
Uskayaw
Xom
Yredelemnul
The Shining One

Shops:
D:5 (   D:7 [*(*(


Innate Abilities, Weirdness & Mutations

You are too large for most types of armour.
You have claws for hands.
Your metabolism is lightning-fast.
You like to eat raw meat.
Your natural rate of healing is unusually fast.
You are covered in fur. (AC +1)
You have very tough skin. (AC +2)


Message History

You scratch the warg.
The warg is lightly wounded.
The warg bites you!
A warg comes into view.
The warg howls!
You claw the warg!
The warg is moderately wounded.
The warg bites you.
You scratch the warg. You claw the warg!
The warg is severely wounded.
The warg bites you!
* * * LOW HITPOINT WARNING * * *
The warg bites you!
* * * LOW HITPOINT WARNING * * *
You feel better. The warg bites you!
* * * LOW HITPOINT WARNING * * *
The warg bites you but does no damage. x2
A warg comes into view.
You feel yourself speed up. The warg barely misses you. The warg bites you!
You die...

###################********
#.........@h.....P.,,,,,,,,
#....P....h†....h..,,,,,,,,
#....≈≈≈≈≈≈≈h≈≈≈≈≈≈≈≈≈≈≈≈≈≈
####
#....≈≈≈≈≈≈≈≈h≈≈≈≈≈≈≈≈≈≈≈≈≈
...#
#....≈≈#####≈≈≈≈≈≈≈≈≈≈≈≈≈≈≈
##'##
#....≈≈#ooo#.......,,,,,,,,
#...#
#...P≈≈#...#+######********
#...#
#....≈≈###'#,,,,+,,,,,,,+,,
#...#
#....≈≈≈.#,*,,,,*********++


You could see 5 wargs and 2 orcs.

Vanquished Creatures
  Grinder (D:3)
  The ghost of Inchmeat the Chiller, an amateur MfIE (D:4)
  2 hippogriffs (D:7)
  6 wargs (D:7)
  An orc warrior (D:6)
  2 ice beasts (D:7)
  A sky beast (D:7)
  An ogre (D:5)
  A phantom (D:4)
  3 centaurs
  A big kobold (D:7)
  2 bullfrogs (D:6)
  2 scorpions
  4 hounds
  A bullfrog zombie (D:5)
  A bullfrog skeleton (D:5)
  4 orc wizards
  3 orc priests
  An iguana (D:5)
  5 worker ants
  A hound skeleton (D:4)
  7 gnolls
  5 adders
  A shadow imp (D:6)
  2 oozes
  5 worms
  2 dart slugs
  4 leopard geckos
  19 orcs
  A ball python (D:1)
  5 bats
  A giant cockroach (D:3)
  8 goblins
  6 hobgoblins
  9 jackals
  5 quokkas
  A ball python skeleton (D:4)
  3 frilled lizards
  A giant cockroach zombie (D:6)
  A jackal skeleton (D:7)
  7 kobolds
  A leopard gecko skeleton (D:4)
  5 rats
  A fungus (D:1)
144 creatures vanquished.

Notes
Turn   | Place    | Note
-------+----------+-------------------------------------------
     0 | D:1      | Gukra the Troll Monk began the quest for the Orb.
     0 | D:1      | Reached XP level 1. HP: 22/22 MP: 0/0
   245 | D:1      | Reached XP level 2. HP: 29/29 MP: 1/1
   633 | D:2      | Reached XP level 3. HP: 32/36 MP: 2/2
   933 | D:2      | Reached XP level 4. HP: 19/44 MP: 3/3
   935 | D:2      | Reached skill level 4 in Unarmed Combat
  1299 | D:3      | Noticed Grinder
  1310 | D:3      | Killed Grinder
  1310 | D:3      | Reached skill level 5 in Unarmed Combat
  1310 | D:3      | Reached XP level 5. HP: 52/53 MP: 4/4
  1310 | D:3      | Reached XP level 6. HP: 60/61 MP: 5/5
  1349 | D:3      | Found a white marble altar of Elyvilon.
  1602 | D:3      | Found a bloodstained altar of Trog.
  1723 | D:3      | Found an ancient bone altar of Kikubaaqudgha.
  1723 | D:3      | Found a basalt altar of Yredelemnul.
  1723 | D:3      | Found a blossoming altar of Fedhas.
  1723 | D:3      | Found a shattered altar of Ashenzari.
  1730 | D:3      | Found an iron altar of Okawaru.
  1730 | D:3      | Found a shimmering altar of Xom.
  1850 | D:4      | Noticed Inchmeat's ghost (amateur MfIE)
  1890 | D:4      | Killed Inchmeat's ghost
  1890 | D:4      | Reached skill level 1 in Throwing
  1890 | D:4      | Reached skill level 6 in Unarmed Combat
  1909 | D:4      | Reached XP level 7. HP: 49/67 MP: 6/6
  2181 | D:4      | Reached skill level 7 in Unarmed Combat
  2237 | D:4      | Found a burning altar of Makhleb.
  2538 | D:5      | Entered Level 5 of the Dungeon
  2610 | D:5      | Found a staircase to the Ecumenical Temple.
  2622 | Temple   | Entered the Ecumenical Temple
  2681 | Temple   | Became a worshipper of the Shining One
  2681 | Temple   | Reached * piety under the Shining One
  2681 | Temple   | Reached ** piety under the Shining One
  2821 | D:5      | Found Vyufruwn's Weapon Shoppe.
  2827 | D:5      | Got a slimy mace
  2830 | D:5      | Identified the +2 mace of Reicamod {protect, rC+ Dex+5} (You found it on level 5 of the Dungeon)
  2896 | D:5      | Reached skill level 8 in Unarmed Combat
  2946 | D:5      | Reached XP level 8. HP: 75/75 MP: 7/7
  3590 | D:6      | Reached skill level 9 in Unarmed Combat
  4201 | D:6      | Reached skill level 10 in Unarmed Combat
  4290 | D:6      | Found a shadowy altar of Dithmenos.
  4748 | D:7      | Reached skill level 1 in Invocations
  4885 | D:7      | Reached XP level 9. HP: 64/83 MP: 7/9
  4917 | D:7      | Found Guodi's Weapon Shoppe.
  4991 | D:7      | Reached skill level 11 in Unarmed Combat
  5022 | D:7      | Found Ynoc's Armour Boutique.
  5041 | D:7      | Found Toukla's Antique Weapon Shoppe.
  5051 | D:7      | Found Obbih's Assorted Antiques.
  5059 | D:7      | Bought a knobbly moonstone ring for 135 gold pieces
  5059 | D:7      | Bought a scroll labeled CAGISMERUCK for 27 gold pieces
  5065 | D:7      | Found Powkoof's General Store.
  5447 | D:7      | HP: 4/84 [warg (13)]
  5448 | D:7      | Slain by a warg

Skill      XL: |  1  2  3  4  5  6  7  8  9 |
---------------+----------------------------+-----
Dodging        | 3 4 |  4.6
Unarmed Combat | 5 6 8 10 11 | 11.5
Fighting       | 3 4 |  4.1
Throwing       | 1 |  1.3
Invocations    | 1 3 |  3.1
Stealth        | |  1.1
Evocations     | |  0.8

Action                   |  1- 3 |  4- 6 |  7- 9 || total
-------------------------+-------+-------+-------++-------
Melee: Unarmed           |    69 |    98 |   249 ||   416
       Punch             |       |     2 |     7 ||     9
Throw: Javelin           |     1 |     2 |       ||     3
       Throwing net      |       |     2 |       ||     2
Evoke: Wand              |       |       |     7 ||     7
  Use: Scroll            |     5 |       |     9 ||    14
       Potion            |       |       |     2 ||     2
 Stab: Sleeping          |     1 |       |     2 ||     3
       Held in net/web   |       |     1 |       ||     1
       Distracted        |       |       |     1 ||     1
  Eat: Chunk             |    14 |     9 |    31 ||    54
Armor: Robe              |    17 |    27 |    52 ||    96
Dodge: Dodged            |    38 |    54 |   137 ||   229
